[Event "Aktobe Open 2022"]
[Site "Aktobe"]
[Date "2022.06.19"]
[Round "8.3"]
[White "Rychagov, Andrey"]
[Black "Makhnev, Denis"]
[Result "1-0"]
[ECO "E95"]
[WhiteElo "2549"]
[BlackElo "2505"]
[Annotator "TA"]
[PlyCount "111"]
[EventDate "2022.06.14"]
[EventType "swiss"]
[EventCountry "KAZ"]
[SourceTitle "playchess.com"]
[Source "ChessBase"]
[SourceQuality "1"]
[TimeControl "5400+30"]

1. d4 Nf6 2. c4 g6 3. Nc3 Bg7 4. e4 d6 5. Nf3 O-O 6. Be2 e5 7. O-O h6 8. Re1 Nbd7 9. Bf1 exd4 {[%emt 0:01:23] 9...Re8 is a critical line. E95: King's Indian: Classical: 7...Nbd7 8 Re1.} 10. Nxd4 Re8 11. f3 {[%emt 0:02:29] White is more active.} c6 {[%emt 0:09:11] White is slightly better.} 12. Be3 {[%emt 0:08:11] [#]} Ne5 $146 ({Predecessor:} 12... Qc7 13. Qd2 Kh7 14. Rad1 Bf8 15. b3 Nc5 16. g3 a5 17. Bg2 Bd7 18. g4 Rad8 {1-0 (41) Weiss,C (2290)-Kranzl,P (2225) Linz 1996}) 13. Qd2 g5 14. Rad1 Qc7 {[%emt 0:06:18] [#]} (14... a6 $14) 15. h4 $1 $16 gxh4 (15... Nh7 $16 16. hxg5 hxg5) 16. Bxh6 $18 Nh7 17. Bxg7 Kxg7 18. f4 Ng6 19. Qf2 Nf6 20. f5 Ng4 21. Qf3 (21. Qd2 $142 {Black must now prevent Qg5.} d5 22. Nf3 (22. e5 Rxe5 23. Be2 Rxe2 $11) 22... Qb6+ 23. Qd4+ Qxd4+ 24. Rxd4 (24. Nxd4 N6e5 $16)) 21... N6e5 $16 22. Qf4 $36 {[%emt 0:01:11][%mdl 2048] White is more active.} f6 $2 {[%emt 0:02:07][%mdl 8192] Black cannot hold the game after this.} (22... Rg8 $1 $14) 23. Be2 $18 Nh6 24. Bh5 ({Weaker is} 24. Qxh4 Rh8 $16) 24... Rh8 25. Qxh4 Nhf7 26. Re3 {[%emt 0:02:32] Really sharp!} ({Stronger than} 26. Qg3+ Ng5 27. Nce2 Rxh5 $11) 26... Ng5 27. Rg3 Kf8 28. Nce2 ({Less strong is} 28. Rxg5 fxg5 29. Qxg5 Qe7 $16) 28... Qh7 29. Nf4 {[%emt 0:00:51] [#] Strongly threatening Rxg5.} Qh6 30. Nf3 Ngxf3+ 31. gxf3 Ke7 32. c5 dxc5 33. Ng6+ Nxg6 34. Rxg6 Qe3+ 35. Kf1 (35. Kg2 $142 Qe2+ 36. Kg3 Qe1+ 37. Rxe1 Kd8 38. Qxf6+ Kc7 39. Qxh8 a5 40. f6) 35... Qxf3+ 36. Bxf3 Rxh4 37. Rg8 b6 {[%emt 0:02:12] And now ...Ba6+ would win.} 38. Kg2 Rh7 39. Rdd8 Rg7+ 40. Rxg7+ Kxd8 {[%emt 0:00:04][%mdl 4096] Endgame KRB-KRB} 41. Bh5 Rb8 $2 (41... a5 42. Rg8+ Ke7) 42. Rf7 {[%emt 0:00:12] White is clearly winning.} c4 43. Rxf6 b5 44. Kf3 Kc7 (44... c5 $142 45. Rf8+ Kc7) 45. e5 b4 46. Rf7+ Kb6 47. e6 c3 48. bxc3 bxc3 49. Ke3 {[%emt 0:00:13] aiming for e7.} Kc5 50. Kd3 {[%emt 0:00:12] Threatens to win with e7.} Kb4 (50... Kd6 $142 51. Rxa7 Rb7) 51. Rxa7 Rb5 52. Bg4 {[%emt 0:01:32] Kc2 is the strong threat.} Rd5+ 53. Kc2 Rd2+ 54. Kc1 {[%emt 0:00:04] Hoping for e7.} Rg2 55. Bd1 Rg1 56. Ra8 {[%emt 0:00:36] Weighted Error Value: White=0.33/Black=0.56} 1-0

[Event "Aktobe Open 2022"]
[Site "Aktobe"]
[Date "2022.06.19"]
[Round "8.4"]
[White "Averin, Nikolay"]
[Black "Sivuk, Vitaly"]
[Result "0-1"]
[ECO "B53"]
[WhiteElo "2427"]
[BlackElo "2529"]
[Annotator "TA"]
[PlyCount "104"]
[EventDate "2022.06.14"]
[EventType "swiss"]
[EventCountry "KAZ"]
[SourceTitle "playchess.com"]
[Source "ChessBase"]
[SourceQuality "1"]
[TimeControl "5400+30"]

1. e4 c5 2. Nf3 d6 3. d4 cxd4 4. Qxd4 a6 5. Be2 Nc6 6. Qe3 {[%emt 0:00:22] B53: Sicilian: 2...d6: Lines with Qxd4.} Nf6 7. h3 e6 (7... d5 $11) 8. c4 {[%emt 0:02:43] White is slightly better.} Be7 9. O-O O-O 10. Rd1 Qc7 11. Nc3 Ne5 12. b3 {[%emt 0:03:27] [#]} Ned7 $5 $146 {[%emt 0:11:56][%mdl 8] An interesting novelty.} ({Predecessor:} 12... b6 13. Ba3 Nfd7 14. Rd2 Nxf3+ 15. Bxf3 Rb8 16. Rad1 Nc5 17. Bb2 Nd7 18. Be2 Bb7 {1-0 (33) Perunovic,M (2576)-Kovacevic,A (2568) Tivat 2011}) 13. Ba3 Re8 14. Rac1 b6 15. Qd4 Nc5 16. b4 Ncd7 17. Bb2 Bb7 18. a3 Rac8 19. Nd2 Qb8 20. Bf1 Bd8 21. g3 Bc7 22. Bg2 Rcd8 23. Nf1 Ne5 24. Ne3 h5 25. Kh1 ({Better is} 25. Qd2 $14) 25... Ba8 26. Ba1 (26. Qd2 $14) 26... b5 $15 27. cxb5 axb5 (27... Bb6 $5 28. Qd2 axb5 $11) 28. Qd2 (28. Nxb5 $2 Bb6 29. Qxd6 Rxd6 30. Nxd6 {[#]} Ng6 $1 31. Bxf6 gxf6 32. Nxe8 Qxe8 $19) 28... Bb6 29. Qe2 Bc6 30. Nc2 (30. f4 $11 Ng6 31. a4) 30... h4 31. Nd4 (31. gxh4 $15 Ng6 32. Ne3) 31... hxg3 $2 ({Black should play} 31... Bxd4 $17 32. Rxd4 hxg3 33. fxg3 Qa7) 32. fxg3 (32. Nxc6 $14 Nxc6 33. Nxb5) 32... Ba8 (32... Bxd4 $17 33. Rxd4 Qa7) 33. Ndxb5 $11 d5 $1 34. Na4 Nxe4 35. Bxe4 dxe4 36. Nxb6 {[%emt 0:00:35] Pair of Knights!} Nd3 37. Nxa8 Qxg3 38. Rf1 {[%emt 0:00:23] Inhibits Nf2+.} Nxc1 {[%emt 0:05:53] The board is on fire.} 39. Qg2 {[%emt 0:00:44][%mdl 8192] This move loses the game for White.} ({Don't go for} 39. Rxc1 $2 Qxh3+ 40. Qh2 (40. Kg1 Rd5 $19) 40... Qf3+ 41. Qg2 Rd1+ 42. Rxd1 Qxd1+ 43. Qg1 Qh5+ 44. Qh2 Qxb5 $19) (39. Qh5 $15 Rd5 40. Qxf7+ Kh7 41. Qxg7+ (41. Qxe8 $2 Qxh3+ 42. Kg1 Rg5+ 43. Kf2 Qg3#) 41... Qxg7 42. Bxg7 Rxa8 43. Nc7) 39... Qxg2+ $19 40. Kxg2 Rd2+ 41. Kh1 Ne2 {[%emt 0:01:02] [#] Threatens to win with ...Ng3+.} ({Worse is} 41... Rxa8 42. Rxc1 Rad8 43. Bc3 $15) 42. Nac7 Ng3+ 43. Kg1 Red8 {[%emt 0:00:00] Strongly threatening ...R8d3.} 44. Re1 R8d3 45. Nc3 {[%emt 0:01:12] Against Ne2+} Rc2 {[%emt 0:00:00] ( -> ...Rdd2)} 46. b5 Rdd2 47. Ne2 Nxe2+ 48. Kf2 Nf4+ 49. Kg3 Nh5+ (49... g5 $142 50. Rxe4 Rd3+ 51. Re3 Rxe3+ 52. Kg4 Rg2#) 50. Kh4 {[%emt 0:00:14] Black is clearly winning.} Rxc7 51. Kxh5 Rc5+ (51... Rg2 $142 52. Be5 Rc5 53. Rxe4 f6) 52. Kh4 Rxb5 {[%emt 0:00:00] Weighted Error Value: White=0.91/Black=0.36} (52... Rg2 $142 53. Rxe4 g6) 0-1

[Event "Aktobe Open 2022"]
[Site "Aktobe"]
[Date "2022.06.19"]
[Round "8.5"]
[White "Moisseyenko, Ilya"]
[Black "Vokhidov, Shamsiddin"]
[Result "0-1"]
[ECO "D35"]
[WhiteElo "2291"]
[BlackElo "2536"]
[Annotator "TA"]
[PlyCount "64"]
[EventDate "2022.06.14"]
[EventType "swiss"]
[EventCountry "KAZ"]
[SourceTitle "playchess.com"]
[Source "ChessBase"]
[SourceQuality "1"]
[TimeControl "5400+30"]

1. d4 Nf6 2. Nf3 d5 3. c4 e6 4. Nc3 c6 5. cxd5 exd5 6. Bg5 h6 7. Bh4 Bf5 8. e3 Nbd7 9. Bd3 Bxd3 10. Qxd3 Be7 11. O-O O-O 12. Rab1 a5 {[%emt 0:01:02] D35: Queen's Gambit Declined: Exchange Variation.} 13. Rbe1 Re8 {[%emt 0:01:56] [#]} 14. Ne5 $146 (14. Qc2 $11) ({Predecessor:} 14. Nd2 Ne4 15. Bxe7 Qxe7 16. Ncxe4 dxe4 17. Qb3 Nf6 18. Rc1 Qb4 19. Rfd1 Nd5 20. a3 Qb6 21. Qxb6 Nxb6 22. Nc4 Nxc4 23. Rxc4 Red8 24. g4 Rd5 25. Rc5 {½-½ (25) Langjahr,M-Wastian,J (1620) Vellmar 2013}) 14... Nxe5 $15 {[%emt 0:06:16] Black is slightly better.} 15. dxe5 Nd7 16. Bxe7 Qxe7 17. f4 Rad8 18. Kh1 f6 $36 {[%emt 0:04:13][%mdl 2048] Black is really pushing.} 19. e4 Nc5 20. Qe2 ({White should try} 20. Qf3) 20... d4 $17 ({Weaker is} 20... fxe5 21. exd5 e4 22. dxc6 $15) 21. exf6 {[%emt 0:03:04] [#]} (21. Qc4+ $17 {was necessary.} Kh8 22. Na4 Nxa4 23. Qxa4) 21... Qf7 $1 $19 ({Stronger than} 21... gxf6 22. Qg4+ Kh8 23. Ne2 $17) ({Less strong is} 21... Qxf6 22. Qc4+ Ne6 23. e5 $14) 22. e5 (22. Nd1 $142 Nxe4 23. Qd3 Nxf6 24. Rxe8+ Qxe8 25. Qd2) 22... dxc3 23. bxc3 gxf6 24. Rf3 (24. Qe3 {might work better.} Qf8 25. c4) 24... f5 25. g4 fxg4 26. Rg1 Kh7 27. Rxg4 Qf5 28. Rfg3 Ne6 {[%emt 0:01:06] Inhibits Rg7+.} 29. Rg6 Nxf4 30. Rg7+ Kh8 31. Qf3 Rd3 32. R7g6 Qxg6 {[%emt 0:00:14] Black took control after the opening.  Weighted Error Value: White=1.07/Black=0.21 (precise)} 0-1

[Event "Aktobe Open 2022"]
[Site "Aktobe"]
[Date "2022.06.19"]
[Round "8.6"]
[White "Volkov, Sergey"]
[Black "Aitbayev, Aslan"]
[Result "0-1"]
[ECO "E92"]
[WhiteElo "2510"]
[BlackElo "2420"]
[Annotator "TA"]
[PlyCount "116"]
[EventDate "2022.06.14"]
[EventType "swiss"]
[EventCountry "KAZ"]
[SourceTitle "playchess.com"]
[Source "ChessBase"]
[SourceQuality "1"]
[TimeControl "5400+30"]

1. d4 Nf6 2. c4 g6 3. Nc3 Bg7 4. e4 d6 5. Nf3 O-O 6. Be2 e5 7. d5 a5 8. Bg5 h6 9. Bh4 Na6 10. Nd2 Bd7 11. O-O Nc5 12. b3 Qe8 {[%emt 0:01:06] 12...Nfxe4 deserves study.} 13. a3 Nfxe4 {[%emt 0:20:20] E92: King's Indian: Classical: 6 Be2 e5: 7 dxe5, 7 Be3 and Petrosian System without 7...Nbd7.} 14. Ndxe4 Nxe4 15. Nxe4 f5 $1 {[%emt 0:00:03] The position is equal.} 16. Nd2 {[%emt 0:03:58] f3 is the strong threat.} e4 17. Ra2 g5 18. Bh5 Qe7 19. Bg3 {[%emt 0:00:35] aiming for h3.} f4 20. Nxe4 Qxe4 21. f3 $1 Qd4+ 22. Qxd4 Bxd4+ 23. Bf2 {[%emt 0:00:04] [#]} Bxf2+ $146 ({Predecessor:} 23... Be5 24. a4 Be8 25. Bxe8 Raxe8 26. Re1 Bc3 27. Rxe8 Rxe8 28. Kf1 {½-½ (28) Laine,J (2264)-Shapiro,V (2363) ICCF email 2018}) 24. Kxf2 Be8 25. Bg4 Bf7 26. Bd7 {[%emt 0:01:47] Prevents Rfe8.} Rfd8 27. Ba4 Rac8 28. g3 fxg3+ 29. Kxg3 c6 30. dxc6 bxc6 31. f4 d5 32. c5 d4 33. fxg5 Rd5 34. gxh6 Rxc5 35. Rf6 Rc3+ 36. Kf4 Bxb3 37. Bxb3+ Rxb3 $11 {[%emt 0:00:00][%mdl 4096] Endgame KRR-KRR} 38. Rg2+ Kh8 $1 39. Rg7 {[%emt 0:00:11] Threatening mate with Rff7.} Rh3 40. Rgg6 c5 {[%emt 0:00:00] Threatens to win with ...d3.} 41. Rc6 Rxc6 42. Rxc6 {[%emt 0:00:05] KR-KR} Rh5 {[%emt 0:00:43] Hoping for ...Rd5.} 43. Ke4 {[%emt 0:00:49] Prevents Rd5.} Kh7 44. a4 Rh4+ 45. Kd5 $2 (45. Kd3 $11) 45... d3 $19 {[%emt 0:00:32] Black is clearly winning.} 46. Kxc5 {[%emt 0:04:10] [#]} Rd4 $3 {[%emt 0:00:11][%mdl 576] Promotion} 47. Kxd4 {[%emt 0:00:24] KR-KPP} d2 48. Kc5 d1=Q {[%emt 0:00:04] KQ-KR} 49. Kb5 Qd2 50. Rc4 Qd3 51. h4 Kxh6 52. Kc5 Kg6 53. Rd4 Qc3+ 54. Kd5 Kf5 55. Rc4 Qb3 56. Kd4 Ke6 57. h5 Kd6 58. h6 Qh3 {[%emt 0:00:14] Weighted Error Value: White=0.34/Black=0.04 (flawless)} 0-1

[Event "Aktobe Open 2022"]
[Site "Aktobe"]
[Date "2022.06.19"]
[Round "8.7"]
[White "Utegaliyev, Azamat"]
[Black "Kekelidze, Mikheil"]
[Result "1-0"]
[ECO "C68"]
[WhiteElo "2463"]
[BlackElo "2388"]
[Annotator "TA"]
[PlyCount "43"]
[EventDate "2022.06.14"]
[EventType "swiss"]
[EventCountry "KAZ"]
[SourceTitle "playchess.com"]
[Source "ChessBase"]
[SourceQuality "1"]
[TimeControl "5400+30"]

1. e4 e5 2. Nf3 Nc6 3. Bb5 a6 4. Bxc6 dxc6 5. O-O Qf6 6. d4 {[%emt 0:01:04] C68: Ruy Lopez: Exchange Variation, sidelines.} exd4 7. Bg5 {[%emt 0:00:18][%mdl 64] Deflection} Qg6 8. Qxd4 {[%emt 0:00:42][%csl Gg5][%cal Rd4d8] White is slightly better.} Bd6 9. Nbd2 f6 (9... Ne7 $11) 10. Bh4 {[%emt 0:00:40] [#] White is more active.} (10. e5 $16 c5 11. Qc4 $1 fxe5 12. Rfe1) 10... Be6 $146 {[%emt 0:03:14] [#]} ({Don't do} 10... Bh3 11. Bg3 Bxg3 12. fxg3 $16 (12. hxg3 Be6 $16)) (10... Nh6 $14) ({Predecessor:} 10... Bg4 11. Bg3 Rd8 12. Qa7 Bc8 13. Rfe1 Ne7 14. Nc4 O-O 15. Nxd6 cxd6 16. Rad1 d5 {0-1 (32) Oleksienko,M (2621)-Landaw,J (2362) Chess.com INT 2014}) 11. e5 $1 $18 ({Less strong is} 11. Bg3 Ne7 $14) 11... fxe5 12. Nxe5 Qf5 {[%emt 0:05:50] [#]} 13. Rfe1 {[%emt 0:30:41] g4 is the strong threat.} c5 14. Qe4 Kf8 $2 (14... Nh6) 15. Qxb7 Re8 16. Nec4 {[%emt 0:01:45] Pair of Knights!} Nf6 17. Nxd6 cxd6 18. Qxa6 Qd5 19. Bxf6 gxf6 20. Ne4 Rg8 21. Qxd6+ Kf7 (21... Qxd6 $142 22. Nxd6 Re7) 22. Qxd5 {[%emt 0:00:14] White took control after the opening.  Weighted Error Value: White=0.21 (precise) /Black=0.62} 1-0

[Event "Aktobe Open 2022"]
[Site "Aktobe"]
[Date "2022.06.19"]
[Round "8.8"]
[White "Urazayev, Arystanbek"]
[Black "Kuderinov, Kirill"]
[Result "1/2-1/2"]
[ECO "E21"]
[WhiteElo "2445"]
[BlackElo "2409"]
[Annotator "RC"]
[PlyCount "153"]
[EventDate "2022.06.14"]
[EventType "swiss"]
[EventCountry "KAZ"]
[SourceTitle "playchess.com"]
[Source "ChessBase"]
[SourceQuality "1"]
[TimeControl "5400+30"]

1. d4 Nf6 2. c4 e6 3. Nc3 Bb4 4. Nf3 O-O 5. Bg5 h6 6. Bh4 c5 7. Rc1 cxd4 8. Nxd4 Nc6 9. Ndb5 d5 10. cxd5 exd5 11. e3 d4 12. Nxd4 Nxd4 13. Qxd4 Qxd4 14. exd4 Re8+ 15. Be2 Bf5 16. Bxf6 gxf6 17. a3 Ba5 18. b4 Bb6 19. Nd5 Bxd4 20. Rd1 Be5 21. f4 Bb2 22. Rd2 Bxa3 23. Ra2 Bd3 24. Nxf6+ Kf8 25. Nxe8 Bxb4+ 26. Kf2 Bc5+ 27. Kf1 Bxe2+ 28. Rxe2 Rxe8 29. Rxe8+ Kxe8 30. Ke2 a5 31. Kd3 a4 32. Kc4 b6 33. Rd1 Ke7 34. Rd5 Kf6 35. g4 Kg6 36. h4 Kg7 37. Rd3 Kg6 38. h5+ Kf6 39. Rd5 Kg7 40. g5 hxg5 41. fxg5 Kg8 42. Rd8+ Kg7 43. Rd7 Kg8 44. Kd5 Be3 45. g6 fxg6 46. hxg6 a3 47. Ra7 Bc1 48. Kc4 Bb2 49. Kb3 Kf8 50. Rb7 Kg8 51. Rf7 Kh8 52. Rb7 Kg8 53. Rxb6 Kg7 54. Ra6 Bf6 55. Kc4 Kxg6 56. Kd5 Kf5 57. Rxa3 Bb2 58. Rf3+ Kg5 59. Ke4 Kg6 60. Rf5 Bc3 61. Kf4 Bb2 62. Kg4 Bc3 63. Rc5 Bb2 64. Rc6+ Kf7 65. Kf5 Ke7 66. Ke4 Ba1 67. Kd5 Bb2 68. Re6+ Kf7 69. Kd6 Ba3+ 70. Kd7 Bb2 71. Re2 Bc3 72. Re6 Bb2 73. Kd6 Bc3 74. Kd5 Bb2 75. Rb6 Bc3 76. Rb3 Ba1 77. Rf3+ 1/2-1/2

[Event "Aktobe Open 2022"]
[Site "Aktobe"]
[Date "2022.06.19"]
[Round "8.9"]
[White "Amangeldy, Ernur"]
[Black "Nogerbek, Kazybek"]
[Result "0-1"]
[ECO "E01"]
[WhiteElo "1682"]
[BlackElo "2424"]
[Annotator "TA"]
[PlyCount "140"]
[EventDate "2022.06.14"]
[EventType "swiss"]
[EventCountry "KAZ"]
[SourceTitle "playchess.com"]
[Source "ChessBase"]
[SourceQuality "1"]
[TimeControl "5400+30"]

1. d4 Nf6 2. c4 e6 3. g3 d5 4. Nf3 Bb4+ 5. Bd2 Bd6 6. Bg2 {[%emt 0:00:26] E01: Catalan: Early deviations.} O-O 7. Qc2 Nbd7 8. O-O {[%emt 0:01:21] The position is equal.} c6 9. Rd1 h6 10. b3 {[%emt 0:02:56] [#]} b5 $146 ({Predecessor:} 10... Ne4 11. Nc3 f5 12. Ne1 h5 13. Nd3 g5 14. Be1 h4 15. e3 hxg3 16. hxg3 Qf6 {1-0 (33) Firouzja,A (2682)-David,A (2553) Le Blanc Mesnil 2019}) 11. c5 Bc7 12. a4 bxa4 13. Rxa4 e5 14. dxe5 $1 Nxe5 15. Bf4 (15. Nd4 $16) 15... Nxf3+ $11 16. Bxf3 Bxf4 17. Rxf4 Qe7 18. Rd2 (18. Ra4 $14) 18... Rb8 19. Nc3 Be6 20. b4 a5 21. bxa5 Nd7 22. e4 (22. Na2 $15) 22... d4 $1 $17 {[%emt 0:02:41][%mdl 64] Decoy} ({Reject} 22... g5 $6 23. exd5 $1 gxf4 24. dxe6 Qxe6 25. Rd6 $11) 23. Rxd4 Qxc5 ({Inferior is} 23... g5 24. Rf5 $15) 24. e5 (24. Qd2 $17) 24... Nxe5 $19 25. Qd2 $2 (25. Rde4 {keeps fighting.}) 25... Qxa5 $2 (25... g5 $1 $19 {[%cal Rg5f4] has better winning chances.} 26. Rf6 Qe7) 26. Be2 $17 Qa1+ 27. Kg2 Ng6 {[%emt 0:00:22] Black is much more active.} 28. Rf3 Rfe8 (28... Qa7 $17 29. Re3 c5) 29. Ra4 $15 Qb2 30. Qxb2 Rxb2 31. Re3 Ne7 {[%emt 0:01:51] Strongly threatening ...Nd5.} 32. Bc4 Nf5 33. Re2 Rxe2 34. Bxe2 Rd8 35. Ra5 Nd4 36. Rc5 Kf8 37. f3 Ke7 38. Kf2 Rb8 39. Ke3 Rb4 40. Bd3 Kd6 41. Ne4+ Kc7 42. Rc1 Nf5+ 43. Kd2 Kb6 44. Ra1 {[%emt 0:01:57] [#]} (44. f4 $17 {might work better.}) 44... Rb2+ $1 $19 45. Kc3 Rb3+ (45... Rxh2 $142 {aiming for ...Ra2.} 46. g4 Nh4) 46. Kd2 $17 Nd4 ({Black should play} 46... g6 $17 {White must now prevent ...Rb2+.} 47. g4 Nh4 48. Ra6+ Kc7) 47. f4 {[%emt 0:01:25] [#] Black converts the advantage convincingly.} ({Better is} 47. Ra6+ $15 Kc7 48. Nc5) 47... Nb5 $1 48. Rc1 Bd5 49. Nc5 (49. Nc3 $17 Nxc3 50. Rxc3) 49... Rb2+ $19 50. Ke3 {[%emt 0:00:06] Threatens to win with Na4+.} Rxh2 51. Na4+ (51. Nd7+ {is a better defense.} Kc7 52. Bxb5 Kxd7 53. Bf1) 51... Ka5 52. Nc5 Rg2 53. Bxb5 Kxb5 {[%emt 0:01:00][%mdl 4096] Endgame KRB-KRN} ({Wrong is} 53... cxb5 $2 54. Kd4 Rd2+ 55. Kc3 $19) 54. Kd4 Rb2 {[%emt 0:01:56] Against Rb1} 55. Nd7 (55. Nd3 $142 Rb3 56. f5) 55... f6 56. f5 (56. Nc5 {was worth a try.}) 56... Rb4+ {[%emt 0:00:37] Black is clearly winning.} 57. Ke3 Rb3+ 58. Kd4 h5 59. Rc5+ Kb4 60. Rc1 Rxg3 61. Rb1+ Ka3 62. Nc5 h4 63. Nd3 (63. Rb8 $142) 63... h3 64. Ra1+ Ba2 65. Rh1 Rg4+ 66. Kc3 Rc4+ 67. Kd2 Rh4 68. Rh2 Bd5 69. Kc3 Rc4+ 70. Kd2 Bg2 {[%emt 0:00:07] Weighted Error Value: White=0.31/Black=0.20 (precise)} 0-1

[Event "Aktobe Open 2022"]
[Site "Aktobe"]
[Date "2022.06.20"]
[Round "9.1"]
[White "Agmanov, Zhandos"]
[Black "Ponkratov, Pavel"]
[Result "1/2-1/2"]
[ECO "B51"]
[WhiteElo "2420"]
[BlackElo "2624"]
[Annotator "TA"]
[PlyCount "44"]
[EventDate "2022.06.14"]
[EventType "swiss"]
[EventCountry "KAZ"]
[SourceTitle "playchess.com"]
[Source "ChessBase"]
[SourceQuality "1"]
[TimeControl "5400+30"]

1. e4 c5 2. Nf3 d6 3. Bb5+ Nd7 4. d4 cxd4 5. Nxd4 Ngf6 6. O-O {[%emt 0:00:34] B51: Sicilian: Moscow Variation (3 Bb5+) without 3...Bd7.} g6 7. Re1 Bg7 8. Bf1 {[%emt 0:00:05] White is slightly better.} Nc5 9. Nc3 O-O 10. Nb3 b6 11. f3 Bb7 {[%emt 0:00:29] [#]} 12. Be3 $146 ({Predecessor:} 12. Nd5 Rc8 13. c4 Na4 14. Nd4 Nc5 15. Bg5 e6 16. Nc3 a6 17. Qd2 Qc7 18. Rad1 {1-0 (34) Dojkova,G (2076)-Dimitrova,T (2005) Pamporovo 2001}) 12... Rc8 13. Qd2 a6 14. Rad1 Nfd7 15. Nd4 b5 {[%emt 0:01:54] The position is equal.} 16. Nd5 Na4 17. b3 Bxd5 18. exd5 Nc3 19. Nc6 Rxc6 ({Resist} 19... Qe8 20. Bg5 Nxd1 21. Rxe7 $16 (21. Qxd1 Rxc6 22. Rxe7 Rc5 $11) (21. Nxe7+ Kh8 $16)) 20. dxc6 Nb8 {[%emt 0:08:59] Pair of Knights!} 21. Ra1 {[%emt 0:02:48] [#] Bd4 is the strong threat.} Nxc6 22. a4 Qc7 {[%emt 0:09:08] Weighted Error Value: White=0.07 (flawless) /Black=0.03 (flawless)} 1/2-1/2

[Event "Aktobe Open 2022"]
[Site "Aktobe"]
[Date "2022.06.20"]
[Round "9.2"]
[White "Vakhidov, Jakhongir"]
[Black "Rychagov, Andrey"]
[Result "1-0"]
[ECO "D31"]
[WhiteElo "2552"]
[BlackElo "2549"]
[Annotator "TA"]
[PlyCount "110"]
[EventDate "2022.06.14"]
[EventType "swiss"]
[EventCountry "KAZ"]
[SourceTitle "playchess.com"]
[Source "ChessBase"]
[SourceQuality "1"]
[TimeControl "5400+30"]

1. c4 e6 2. Nc3 d5 3. d4 Be7 4. cxd5 exd5 5. Bf4 c6 6. e3 Bd6 7. Bxd6 Qxd6 8. Bd3 Ne7 {[%emt 0:00:17] D31: Queen's Gambit Declined: Semi-Slav without ...Nf6 (+ Marshall Gambit and Noteboom) and Exchange Variation lines without ...Nf6.} 9. Qc2 b6 10. Nf3 (10. Bxh7 $2 f5 11. Nf3 Rxh7 $19) 10... Ba6 {[%emt 0:00:11] White has an edge.} 11. O-O Bxd3 12. Qxd3 O-O 13. Rac1 Nd7 14. Rc2 a5 {[%emt 0:06:30] [#]} 15. Rfc1 $146 ({Predecessor:} 15. b3 g6 16. h4 Qe6 17. Na4 Kg7 18. Rfc1 h6 19. Nb2 Rfc8 20. Qf1 Ra7 21. Nd3 Nf6 22. Nfe5 Rac7 23. Qe1 {½-½ (23) Kuliy,O (2003)-Wilson,N (2065) FICGS email 2020}) 15... a4 16. h3 h6 17. Qd1 Ra5 18. Rd2 Rfa8 19. Ne1 Nf8 20. Nd3 Ne6 21. Qh5 g6 22. Qf3 (22. Qxh6 $2 Nf5 23. Qf4 Nxf4 $19) 22... Kg7 23. h4 Rd8 24. h5 (24. b4 axb3 25. axb3 h5 $11) 24... g5 25. Qd1 (25. Ne5 {keeps more tension.} f6 26. Ng4 f5 27. Ne5) 25... Rda8 26. Ne1 Ng8 27. Ne2 Ne7 28. Ng3 Rf8 29. Qc2 a3 30. b3 c5 31. dxc5 Rxc5 32. Qb1 Rfc8 (32... f5 $14) 33. Rcd1 $16 Qc7 34. Ne2 Rc6 35. Qa1+ f6 {[%emt 0:01:50] [#]} (35... Kg8 $142) 36. e4 $1 Nf4 (36... dxe4 $2 37. Rd7 $18) 37. exd5 (37. Nxf4 Qxf4 38. Nd3 (38. exd5 Rc1 $14) 38... Qd6 $14) 37... Nfxd5 {[%emt 0:04:25] Loses the game.} (37... Nexd5 $2 38. Nxf4 Qxf4 39. Rxd5 $18) (37... Nxe2+ $16 38. Rxe2 Rd6) 38. Nd4 $18 ({Resist} 38. Rxd5 Nxd5 39. Rxd5 Rc5 $18) 38... Nc3 (38... Rd6 $2 39. Nb5 Qd8 40. Nxd6 Qxd6 41. Nc2 $18) 39. Nxc6 Qxc6 {[%emt 0:00:30] [#]} 40. Rc2 $1 b5 41. b4 Ned5 42. Rd3 {[%emt 0:05:27] Strongly threatening Nf3.} Qc4 (42... Qe6 $142 43. Nf3 Ne2+ 44. Rxe2 Qxe2 45. Rxd5 Qb2 46. Rd7+ Kf8) 43. g3 ({Less strong is} 43. Rxd5 Qxd5 44. Rxc3 Rxc3 45. Qxc3 Qxa2 46. Qc7+ Kg8 47. Qc8+ Kg7 48. Qd7+ (48. Nc2 Qb1+ 49. Kh2 a2 $16) 48... Kf8 $16) 43... Rc7 {[%emt 0:01:48] [#]} 44. Rxd5 $1 Qxd5 45. Rxc3 Rxc3 46. Qxc3 Qxa2 47. Kf1 Qb2 (47... Qc4+ $2 48. Qxc4 bxc4 49. b5 $18) 48. Qc7+ Kg8 49. Qd8+ Kg7 $2 (49... Kf7 50. Qd7+ Kf8) 50. Qe7+ {[%emt 0:00:19] White is clearly winning.} Kg8 51. Qe8+ Kg7 52. Qg6+ Kf8 53. Qxh6+ Ke7 54. Qh7+ Kd6 55. Qc2 Kd5 {[%emt 0:07:02] Weighted Error Value: White=0.08 (flawless) /Black=0.21 (precise)} 1-0

[Event "Aktobe Open 2022"]
[Site "Aktobe"]
[Date "2022.06.20"]
[Round "9.3"]
[White "Nogerbek, Kazybek"]
[Black "Nesterov, Arseniy"]
[Result "1/2-1/2"]
[ECO "D31"]
[WhiteElo "2424"]
[BlackElo "2569"]
[Annotator "TA"]
[PlyCount "76"]
[EventDate "2022.06.14"]
[EventType "swiss"]
[EventCountry "KAZ"]
[SourceTitle "playchess.com"]
[Source "ChessBase"]
[SourceQuality "1"]
[TimeControl "5400+30"]

1. d4 d5 2. c4 e6 3. Nc3 c6 4. cxd5 exd5 5. Bf4 Bd6 6. Bxd6 Qxd6 7. e3 Bf5 8. Bd3 Ne7 9. Nf3 O-O 10. O-O Nd7 11. Bxf5 {[%emt 0:03:00] D31: Queen's Gambit Declined: Semi-Slav without ...Nf6 (+ Marshall Gambit and Noteboom) and Exchange Variation lines without ...Nf6.} Nxf5 12. Qd3 Qg6 13. Rfd1 {[%emt 0:06:01] [#]} a5 $146 ({Predecessor:} 13... Nd6 14. Qxg6 hxg6 15. Rac1 f6 16. Rc2 g5 17. h3 Kf7 18. Na4 Rfe8 19. Kf1 Re7 {½-½ (26) Mirzoev,A (2546)-Korneev,O (2582) Elgoibar 2010}) 14. e4 dxe4 15. Qxe4 Nf6 16. Qf4 {[%emt 0:02:04] [#] Strongly threatening Ne5.} Nh5 17. Qg5 Qxg5 18. Nxg5 {[%emt 0:00:07] And now g4 would win.} Nf6 19. d5 c5 20. Nge4 Nxe4 21. Nxe4 b6 22. a4 Rad8 23. Nd2 Rxd5 {[%emt 0:10:50] [#] ...Rfd8 is the strong threat.} 24. Nc4 Rxd1+ 25. Rxd1 $11 {[%emt 0:00:05][%mdl 4096] Endgame KRN-KRN} Rb8 26. Nxb6 g6 27. Nd7 {[%emt 0:02:20] The position is equal.} Rxb2 {[%emt 0:00:15] aiming for ...c4.} 28. Nxc5 Rb4 29. g3 Nd4 30. Kg2 h5 31. Re1 Rc4 32. Re5 Nc6 33. Rd5 Ne7 34. Re5 Nc6 35. Rd5 Kg7 36. Nb7 Rxa4 37. Rc5 Rb4 38. Nxa5 Nxa5 {[%emt 0:00:02] An even fight not without its subleties.  Weighted Error Value: White=0.04 (flawless) /Black=0.02 (flawless)} 1/2-1/2